 Dungeon Crawl Stone Soup version 0.28.0-53-g5a82cb258f (webtiles) character file.

Game seed: 18350081419837107238

602087 selky the Axe Maniac (level 25, -2/385 HPs)
             Began as a Minotaur Berserker on July 8, 2022.
             Was the Champion of the Shining One.
             Slain by an ushabti (14 damage)
             ... on level 3 of the Tomb of the Ancients.
             The game lasted 01:41:39 (65178 turns).

selky the Axe Maniac (Minotaur Berserker)          Turns: 65178, Time: 01:41:40

Health: -2/385     AC: 32    Str: 18 (30) XL:     25   Next: 99%
Magic:  36/36      EV:  2    Int:  0 (4)  God:    the Shining One [******]
Gold:   7180       SH: 19    Dex: 17 (20) Spells: 24/24 levels left

rFire   . . .      SeeInvis .   G - +8 executioner's axe (holy)
rCold   + . .      Faith    .   (shield currently unavailable)
rNeg    + + +      Spirit   .   (armour currently unavailable)
rPois   +          Reflect  +   (helmet currently unavailable)
rElec   +          Harm     .   (cloak currently unavailable)
rCorr   .          Rampage  .   (gloves currently unavailable)
Will    ++...      NoTele   +   (boots currently unavailable)
Stlth   +.........              w - amulet of Reihyuna {Reflect rElec rC+ Will+ SH+5}
HPRegen 0.74/turn               g - ring of Contentment {Dex+6 Slay+4}
MPRegen 0.25/turn               i - ring "Vyek" {EV+4 Dex+2}

@: lethally poisoned (-2 -> -13), divinely shielded, tree-form, slowed, lost
intelligence, glowing, studying 2 skills, unable to read, very slow
A: stationary, stasis, torment immunity, boosted hp, (horns 2), (retaliatory
headbutt), (hooves 1), deterioration 1, screaming 1, weak 1, inability to read
while threatened
}: 4/15 runes: serpentine, barnacled, slimy, silver
a: Renounce Religion, Divine Shield, Cleansing Flame, Summon Divine Warrior


You were on level 3 of the Tomb of the Ancients.
You worshipped the Shining One.
The Shining One was exalted by your worship.
You were a tree.
You visited 11 branches of the dungeon, and saw 49 of its levels.
You visited 1 bazaar.
You also visited: Trove and Sewer.

You collected 10349 gold pieces.
You spent 3169 gold pieces at shops.

Inventory:

Hand Weapons
 C - a +9 executioner's axe of flaming
 G - a +8 executioner's axe of holy wrath (weapon)
Missiles
 a - 5 throwing nets (quivered)
Armour
 e - the +17 crystal plate armour of the Watermelon (melded) {rC+ Will+ Str+4}
   (You acquired it on level 6 of the Dungeon)

   Str:       It affects your strength (+4).
   rC:        It protects you from cold.
   Will:      It increases your willpower.
 q - the +0 pair of gloves of Hedging (melded) {Fly rElec}
   (You found it on level 5 of the Vaults)

   rElec:     It insulates you from electricity.
   Fly:       It grants you flight.
 u - a +2 cloak of stealth (melded)
 M - the +0 pair of boots of Fufosail {Drain rPois Dex+3}
   (You acquired it on level 3 of the Vaults)

   Dex:       It affects your dexterity (+3).
   rPois:     It protects you from poison.
   Drain:     It drains your maximum health when unequipped.
 P - the +0 mask of the Dragon (melded) {Will+ Slay+3 SInv}
   (You found it on level 4 of the Vaults)

   Slay:      It affects your accuracy & damage with ranged weapons and melee
   (+3).
   SInv:      It lets you see invisible.
   Will:      It increases your willpower.
 V - a +2 pair of boots of flying (melded)
Jewellery
 g - the ring of Contentment (left branch) {Dex+6 Slay+4}
   (You bought it in a shop on level 4 of the Dungeon)

   [ring of slaying]

   Dex:       It affects your dexterity (+6).
   Slay:      It affects your accuracy & damage with ranged weapons and melee
   (+4).
 i - the ring "Vyek" (right branch) {EV+4 Dex+2}
   (You found it on level 6 of the Lair of Beasts)

   [ring of evasion]

   EV:        It affects your evasion (+4).
   Dex:       It affects your dexterity (+2).
 w - the amulet of Reihyuna (around neck) {Reflect rElec rC+ Will+ SH+5}
   (You bought it in a shop on level 4 of the Dungeon)

   [amulet of reflection]

   It reflects blocked missile attacks.
   rC:        It protects you from cold.
   rElec:     It insulates you from electricity.
   SH:        It affects your SH (+5).
   Will:      It increases your willpower.
 y - a ring of resist corrosion
 E - an amulet of the acrobat
 W - a ring of protection from fire
Wands
 b - a wand of digging (17)
 m - a wand of acid (23)
 T - a wand of polymorph (4)
Scrolls
 f - a scroll of fog
 j - 4 scrolls of silence
 k - 15 scrolls of teleportation
 p - 5 scrolls of fear
 r - 3 scrolls of amnesia
 v - 3 scrolls of summoning
 x - 2 scrolls of enchant armour
 A - 2 scrolls of blinking
 N - 6 scrolls of magic mapping
Potions
 d - 5 potions of cancellation
 h - 4 potions of berserk rage
 l - 2 potions of ambrosia
 o - 4 potions of resistance
 s - 6 potions of magic
 t - 19 potions of curing
 z - 5 potions of lignification
 D - 5 potions of invisibility
 F - a potion of brilliance
 H - 8 potions of heal wounds
 Q - 2 potions of might
 Y - 2 potions of mutation
Miscellaneous
 U - a piece from Xom's chessboard (15/15)
 Z - a phial of floods


   Skills:
 O Level 27 Fighting
 O Level 27 Axes
 + Level 1.0 Throwing
 O Level 27 Armour
 - Level 21.0 Dodging
 - Level 0.6 Stealth
 * Level 20.4 Invocations
 - Level 1.0 Evocations


You had 24 spell levels left.
You didn't know any spells.
Your spell library contained the following spells:

 Spells                   Type           Power      Damage    Failure   Level
 Apportation              Tloc           0%         N/A       58%         1
 Summon Small Mammal      Summ           0%         N/A       58%         1
 Call Canine Familiar     Summ           0%         N/A       92%         3
 Ozocubu's Armour         Ice            0%         N/A       92%         3
 Summon Guardian Golem    Hex/Summ       0%         N/A       92%         3
 Animate Dead             Necr           0%         N/A       100%        4
 Hailstorm                Conj/Ice       0%         3d3       100%        4
 Ice Form                 Ice/Tmut       0%         N/A       100%        4
 Alistair's Intoxication  Tmut/Pois      0%         N/A       100%        5
 Summon Forest            Summ/Tloc      0%         N/A       100%        5
 Summon Mana Viper        Hex/Summ       0%         N/A       100%        5
 Simulacrum               Ice/Necr       0%         N/A       100%        6
 Summon Cactus Giant      Summ           0%         N/A       100%        6
 Haunt                    Necr/Summ      0%         N/A       100%        7
 Ozocubu's Refrigeration  Ice            0%         4d5       100%        7
 Infestation              Necr           0%         N/A       100%        8


Dungeon Overview and Level Annotations

Branches:
Dungeon (13/15)            Temple (1/1) D:7            Lair (6/6) D:11
 Shoals (4/4) Lair:3        Snake (4/4) Lair:2        Slime (5/5) Lair:6
    Orc (2/2) D:9             Elf (3/3) Orc:2        Vaults (5/5) D:13
  Crypt (3/3) Vaults:2       Tomb (3/3) Crypt:3       Sewer (visited)

Altars:
Ashenzari
Cheibriados
Dithmenos
Elyvilon
Fedhas
Gozag
Hepliaklqana
Kikubaaqudgha
Makhleb
Nemelex Xobeh
Okawaru
Qazlal
Ru
Sif Muna
Trog
Uskayaw
Vehumet
Wu Jian
Xom
Yredelemnul
Zin
The Shining One
Beogh
Jiyva

Shops:
D:4 =   D:6 !   D:9 *   D:12 *   Orc:1 *   Orc:2 [(**(*=   Elf:1 (   Shoals:2 *
Shoals:3 *   Snake:4 *   Vaults:2 (   Vaults:3 :

Portals:
Pandemonium: Orc:2

Annotations:
Lair:3 exclusion: oklob plant
Slime:5 1 exclusion
Orc:2 1 exclusion
Tomb:3 Khufu


Innate Abilities, Weirdness & Mutations

You are a tree.
Your roots penetrate the ground, keeping you stationary.
You cannot be teleported.
You are immune to unholy pain and torment.
Your maximum health is greatly increased.
Your equipment is partially melded.
((You have a pair of horns on your head.))
((You reflexively headbutt those who attack you in melee.))
((You have large cloven feet.))
Your body sometimes deteriorates upon taking damage.
You occasionally shout uncontrollably at your foes.
You are weak. (Str -2)
You sometimes lose the ability to read scrolls when taking damage.


Message History

You hear a hideous shriek!
Unknown command.
Okay, then.
You cannot read scrolls in your current state!
Unknown command.
Unknown command.
You struggle against the net.
You hear a hideous shriek! x6
The emperor scorpion barely misses you.
The emperor scorpion claws you but does no damage. x2
The emperor scorpion stings you but does no damage.
The emperor scorpion claws you but does no damage. x2
Khufu gestures wildly while chanting.
The ushabti shakes and rattles deafeningly!
The ushabti shakes and rattles.
The vile air hits you but does no damage.
The guardian mummy hits you!
* * * LOW HITPOINT WARNING * * *
The ushabti shakes and rattles.
The vile air hits the ushabti.
The vile air hits you.
* * * LOW HITPOINT WARNING * * *
The emperor scorpion stings you but does no damage.
The emperor scorpion claws you but does no damage. x2
The emperor scorpion stings you.
* * * LOW HITPOINT WARNING * * *
The emperor scorpion claws you but does no damage. x2
You hear a hideous shriek! x8
Unknown command.
Unknown command.
You rip the net and break free!
You are engulfed in dark miasma.
You are poisoned.
You feel yourself slow down.
* * * LOW HITPOINT WARNING * * *
You feel extremely sick.
The emperor scorpion fails to trigger a net trap.
The emperor scorpion stings you!
* * * LOW HITPOINT WARNING * * *
The emperor scorpion claws you but does no damage. x2
The ushabti hits you!
You die...

****,,,,,,,,,,,,,,,,**##+##*
,,**,,,,,,,,,,,,,,,,*#....#**
,,,**,,,,,,,,,,,,,,*#....^.,***
,,,,**,M......M.,,##.......,,,*
,,,,<**.^...MMb.,##<..^....,,,**
,,,,,,*#.z.Mz^..##.....^...,,,,*
,,,,,,,*#M.....##.......}..,,,,*
,,,,,,,*#...§§§##ss........,,,,*
,,,,,,,,#..§z§M#♣sMs..^..[(,,,,*
,,,,,,^,#.§.zb§#9M..^.^$$$:,,,,*
,,,,,,,,+..99§☼99......(|[|,,,**
,,,,,,,,#.....z#.......$$|=,,**
,,,,,,,,#......#......$$:),,**
,,,,,,,*#..^.[.##....$$$[),**
,,,,,,,*#.....)##.....$":,**
,,,,,,**#......###....$:[**
*,,,,** #......# *#..$(:**


You could see Khufu, 4 emperor scorpions, a guardian mummy, 3 ushabtiu and a
flying skull.

Vanquished Creatures
  the Royal Jelly (Slime:5)
  2 ancient liches (Vaults:5)
  Mennas (Crypt:1)
  26 royal mummies
  Boris (Crypt:3)
  Sojobo (Crypt:2)
  Bai Suzhen (Shoals:4)
  Xtahua (Vaults:3)
  Saint Roka (Vaults:3)
  Vashnia (Snake:3)
  2 golden dragons (Vaults:5)
  Nikola (Elf:1)
  A shard shrike zombie (Crypt:3)
  2 tentacled monstrosities (Vaults:5)
  3 liches
  2 deep elf master archers (Elf:3)
  2 titans (Vaults:5)
  Polyphemus (Shoals:2)
  2 quicksilver dragons (Vaults:5)
  22 acid blobs
  2 deep elf blademasters (Elf:3)
  Kirke (Elf:1)
  2 krakens
  7 sphinxes
  4 ancient champions
  The ghost of Stomo the Warrior, an adept DrFi of Uskayaw (Elf:1)
  6 tengu reavers
  A storm dragon (Vaults:5)
  3 revenants
  15 nagarajas
  6 rockslimes
  5 shadow dragons (Vaults:5)
  11 azure jellies
  The ghost of Soldner the Fencer, a journeyman MiFi of Okawaru (Elf:1)
  4 frost giants
  3 iron dragons (Vaults:5)
  Ilsuiw (Shoals:3)
  A juggernaut zombie (Crypt:2)
  4 curse skulls
  An orc warlord (Orc:1)
  Aizul (Snake:3)
  2 shard shrike simulacra (Crypt:3)
  7 ghouls
  A deep elf elementalist (Elf:3)
  8 deep elf sorcerers
  11 vault wardens
  15 ironbound preservers
  3 war gargoyles
  A reaper (Crypt:3)
  17 quicksilver oozes
  8 ironbound thunderhulks
  A quicksilver ooze (shapeshifter) (Vaults:5)
  17 stone giants
  23 vampire knights
  6 very ugly things
  10 bennus
  2 entropy weavers
  7 deep elf demonologists
  Azrael (Elf:2)
  10 dire elephants
  A minotaur (shapeshifter) (Vaults:1)
  9 deep elf annihilators
  7 deep elf high priests
  7 eidola
  2 merfolk javelineers (Shoals:4)
  16 mummy priests
  A fire dragon (Lair:6)
  9 deep elf death magi
  16 merfolk impalers
  A crystal guardian (Vaults:3)
  Josephine (D:12)
  13 jiangshi
  2 ettins (Vaults:5)
  A great orb of eyes (shapeshifter) (Vaults:5)
  3 spriggan zombies
  11 naga warriors
  15 yaktaur captains
  A quicksilver dragon skeleton (Tomb:1)
  32 vault guards
  2 salamander tyrants
  7 hydras
  2 caustic shrike simulacra
  4 catoblepae
  Fannar (Lair:1)
  6 great orbs of eyes
  A rakshasa (D:13)
  A merfolk avatar (Shoals:4)
  2 ogre magi (Vaults:5)
  4 merfolk aquamancers (Shoals:4)
  4 peacekeepers
  3 boulder beetles
  10 ironbound frosthearts
  4 anacondas
  Erica (Lair:1)
  2 alligator snapping turtles
  3 death knights
  A demonspawn (Orc:2)
  2 tengu warriors (D:13)
  2 satyrs (Shoals:3)
  18 centaur warriors
  9 death yaks
  10 vampire magi
  35 dancing weapons
  15 two-headed ogres
  85 death scarabs
  A deep troll earth mage (Vaults:5)
  7 orc high priests (Orc:2)
  4 soul eaters
  24 naga sharpshooters
  3 shock serpents
  A titan zombie (Crypt:2)
  Sonja (D:12)
  A sun demon (Orc:2)
  A hell knight (Vaults:5)
  13 deep elf knights
  A storm dragon zombie (Crypt:3)
  11 shadow wraiths
  41 skeletal warriors
  2 salamander mystics
  2 iron trolls
  2 flayed ghosts
  47 deep trolls
  2 iron giant zombies (Crypt:3)
  3 anaconda zombies (Crypt:3)
  17 sea snakes
  3 naga ritualists
  An iron giant skeleton (Crypt:3)
  An obsidian statue (Tomb:1)
  20 deep elf archers
  A lindwurm (shapeshifter) (Vaults:5)
  A kraken simulacrum (Shoals:4)
  2 bog bodies
  11 lindwurms
  33 deep elf zephyrmancers
  18 wizards
  6 spriggan simulacra (Crypt:3)
  16 harpies
  A shadow dragon skeleton (Crypt:3)
  18 ironbound convokers
  An iron dragon zombie (Tomb:3)
  10 orc knights
  30 deep elf pyromancers
  A fenstrider witch simulacrum (Crypt:3)
  27 phantasmal warriors
  8 necromancers
  4 shining eyes
  6 mana vipers
  24 cyclopes
  5 fauns
  44 ugly things
  8 orc sorcerers
  13 manticores
  119 slime creatures
  An elephant (shapeshifter) (Vaults:5)
  4 elephants (Lair:6)
  16 salamanders
  A black mamba (shapeshifter) (Vaults:5)
  Joseph (D:7)
  5 water nymphs
  11 merfolk sirens
  17 vault sentinels
  10 cane toads
  A titan simulacrum (Tomb:1)
  42 black mambas
  6 guardian serpents
  16 naga magi
  An alligator snapping turtle zombie (Crypt:3)
  Maggie (D:9)
  2 human skeletons
  2 molten gargoyles (Lair:6)
  2 elf skeletons
  3 naga zombies (Crypt:3)
  A gargoyle (D:13)
  A yaktaur zombie (Vaults:2)
  A red draconian zombie (Crypt:2)
  A naga skeleton (Crypt:3)
  A kobold demonologist (D:11)
  An unseen horror (D:13)
  A minotaur zombie (Crypt:1)
  A dire elephant skeleton (Crypt:2)
  51 yaktaurs
  A storm dragon simulacrum (Crypt:3)
  2 bunyip simulacra (Crypt:3)
  An anaconda simulacrum (Crypt:3)
  An alligator snapping turtle skeleton (Tomb:2)
  4 rime drakes
  A tengu conjurer (D:13)
  19 komodo dragons
  12 freezing wraiths
  An iron troll zombie (Crypt:2)
  A death yak skeleton (Crypt:1)
  35 guardian mummies
  2 harpy zombies
  A yaktaur skeleton (Vaults:2)
  A catoblepas skeleton (Crypt:1)
  A red devil (Orc:2)
  A troll (shapeshifter) (D:13)
  35 merfolk
  A polar bear (shapeshifter) (D:13)
  16 polar bears
  A tarantella (Vaults:4)
  14 trolls
  4 wind drakes
  A moth of wrath zombie (Crypt:3)
  3 hornets
  16 blink frogs
  A slime creature (shapeshifter) (Vaults:5)
  7 dream sheep (Shoals:4)
  5 snapping turtles
  An ettin zombie (Crypt:3)
  3 centaur simulacra
  26 flying skulls
  4 air elementals
  A culicivora (Vaults:5)
  A fire dragon zombie (Crypt:3)
  A stone giant simulacrum (Crypt:3)
  A shadow (D:11)
  3 vampires (Vaults:2)
  A spriggan (shapeshifter) (D:13)
  Sigmund (D:2)
  2 black mamba zombies (Crypt:3)
  3 fire elementals (Elf:2)
  7 wyverns
  6 ushabtiu
  A dire elephant simulacrum (Crypt:3)
  A chaos spawn (Orc:2)
  12 water elementals
  18 wraiths
  50 yaks
  A hog (Elf:1)
  An alligator snapping turtle simulacrum (Crypt:1)
  3 basilisks (Lair:6)
  15 golden eyes
  8 redbacks
  3 steam dragons (Lair:6)
  4 harpy simulacra
  7 wargs
  6 vampire mosquitoes
  An acid dragon (D:11)
  11 water moccasins
  39 nagas
  5 sky beasts
  9 hell hounds
  An ogre skeleton (Vaults:2)
  A demonspawn skeleton (Crypt:3)
  A faun skeleton (Crypt:3)
  An ice beast (Vaults:4)
  36 orc warriors
  13 black bears
  4 necrophages
  An ettin simulacrum (Vaults:4)
  19 ogres
  A black mamba simulacrum (Crypt:3)
  14 centaurs
  19 wolves
  A swamp dragon skeleton (Crypt:1)
  3 phantoms
  An elephant skeleton (Crypt:2)
  13 bullfrogs
  2 kobold brigands (D:8)
  A wyvern zombie (D:5)
  3 naga simulacra (Crypt:3)
  3 scorpions
  4 earth elementals
  3 gnoll sergeants
  A wyvern skeleton (D:7)
  2 warg skeletons (Crypt:1)
  8 wights
  An electric eel (Lair:3)
  7 howler monkeys
  5 lava snakes (Lair:6)
  A bullfrog zombie (D:7)
  4 hounds
  33 orc priests
  3 centaur zombies
  5 human zombies (Crypt:1)
  A bullfrog skeleton (D:6)
  A centaur skeleton (D:5)
  3 iguanas
  28 orc wizards
  A yak simulacrum (Lair:4)
  A hell rat (Sewer)
  A killer bee zombie (D:6)
  3 polar bear simulacra (Lair:4)
  4 wolf simulacra (Lair:4)
  A demigod skeleton (Crypt:2)
  An acid dragon skeleton (Crypt:2)
  A hound zombie (D:5)
  A hound skeleton (D:5)
  40 mummies
  5 adders
  12 gnolls
  A river rat (Sewer)
  3 white imps
  3 ufetubi
  A lava snake skeleton (Crypt:3)
  A worm (D:2)
  A dart slug (D:1)
  97 orcs
  5 endoplasms
  6 giant cockroaches
  7 goblins
  10 hobgoblins
  4 jackals (D:2)
  6 quokkas
  5 ball pythons
  4 bats
  A gnoll skeleton (Crypt:3)
  2 jackal skeletons
  10 kobolds
  7 rats
  3 river rat simulacra (Lair:4)
  A river rat skeleton (Crypt:2)
  A bush (Lair:5)
  A plant (Shoals:2)
  8 tentacles
2454 creatures vanquished.

Vanquished Creatures (collateral kills)
  An ironbound preserver (Vaults:5)
  A deep elf annihilator (Vaults:5)
  A death scarab (Tomb:3)
  A cyclops (Tomb:1)
  2 vault sentinels (Vaults:5)
  A mummy (Tomb:1)
7 creatures vanquished.

Vanquished Creatures (others)
  An eldritch tentacle (Tomb:3)
  2 deep elf knights (Elf:1)
  A water elemental (Elf:2)
  3 humans (Elf:1)
  A mummy (Tomb:3)
  25 fungi
  78 plants
  8 tentacles
  6 withered plants (Elf:1)
125 creatures vanquished.

Grand Total: 2586 creatures vanquished

Notes
Turn   | Place    | Note
-------+----------+-------------------------------------------
     0 | D:1      | selky the Minotaur Berserker began the quest for the Orb.
     0 | D:1      | Reached XP level 1. HP: 19/19 MP: 0/0
   598 | D:1      | Reached XP level 2. HP: 11/26 MP: 1/1
  1156 | D:1      | Found a faded altar of an unknown god.
  1461 | D:2      | Noticed Sigmund
  1475 | D:2      | Killed Sigmund
  1476 | D:2      | Reached XP level 3. HP: 31/31 MP: 2/2
  1476 | D:2      | Reached XP level 4. HP: 39/39 MP: 3/3
  1476 | D:2      | Reached XP level 5. HP: 45/45 MP: 4/4
  2311 | D:3      | Reached ** piety under Trog
  2552 | D:3      | Noticed a phantom
  2561 | D:3      | Killed a phantom
  2562 | D:3      | Reached XP level 6. HP: 51/51 MP: 5/5
  3151 | D:4      | Found Ysiuc's Jewellery Shop.
  3458 | D:4      | Found a glowing drain.
  3480 | Sewer    | Entered a sewer
  3930 | D:5      | Entered Level 5 of the Dungeon
  3969 | D:5      | Reached XP level 7. HP: 55/57 MP: 6/6
  4009 | D:5      | Found a basalt altar of Yredelemnul.
  4021 | D:5      | Reached skill level 10 in Axes
  4513 | D:5      | Reached XP level 8. HP: 60/64 MP: 7/7
  5110 | D:6      | Reached *** piety under Trog
  5904 | D:6      | Found Haat's Distillery.
  5910 | D:6      | Bought a potion of lignification for 39 gold pieces
  6156 | D:6      | Identified a scroll of acquirement
  6162 | D:6      | Acquired the +17 crystal plate armour of the Watermelon
                  | {rC+ Will+ Str+4}
  6480 | D:7      | Reached XP level 9. HP: 57/72 MP: 8/8
  6615 | D:7      | Found a staircase to the Ecumenical Temple.
  6756 | Temple   | Entered the Ecumenical Temple
  7119 | D:7      | Noticed Joseph
  7128 | D:7      | Killed Joseph
  7129 | D:7      | Reached skill level 5 in Fighting
  7753 | D:8      | Reached skill level 5 in Armour
  7917 | D:8      | Reached **** piety under Trog
  7970 | D:8      | Reached XP level 10. HP: 79/90 MP: 9/9
  8380 | D:9      | Found a staircase to the Orcish Mines.
  8504 | D:9      | Reached skill level 10 in Fighting
  8753 | D:9      | Found Xerphiwk's General Store.
  8987 | D:9      | Noticed a cyclops
  8997 | D:9      | Killed a cyclops
  9046 | D:9      | Found Ruxil's Armour Boutique.
  9123 | D:9      | Noticed Maggie
  9135 | D:9      | Killed Maggie
  9136 | D:9      | Reached skill level 10 in Armour
  9405 | D:9      | Bought a scroll of enchant weapon for 105 gold pieces
  9405 | D:9      | Bought a +2 vorpal war axe for 240 gold pieces
  9406 | D:9      | Acquired 839 gold pieces
  9407 | D:9      | Acquired a +3 executioner's axe of flaming
  9514 | D:4      | Bought the amulet of Reihyuna {Reflect rElec rC+ Will+
                  | SH+5} for 622 gold pieces
  9644 | Orc:1    | Entered Level 1 of the Orcish Mines
  9644 | Orc:1    | Noticed an orc knight
  9677 | D:10     | Entered Level 10 of the Dungeon
  9867 | D:10     | Noticed a skeletal warrior
  9868 | D:10     | Noticed a skeletal warrior
  9875 | D:10     | Killed a skeletal warrior
  9876 | D:10     | Reached XP level 11. HP: 102/102 MP: 10/10
  9876 | D:10     | Noticed a skeletal warrior
  9879 | D:10     | Killed a skeletal warrior
  9889 | D:10     | Killed a skeletal warrior
 10516 | D:11     | Noticed a white ugly thing
 10521 | D:11     | Killed a white ugly thing
 10522 | D:11     | Reached skill level 15 in Axes
 10652 | D:11     | Reached ***** piety under Trog
 10765 | D:11     | Found a staircase to the Lair.
 10965 | D:11     | Noticed a two-headed ogre
 10970 | D:11     | Killed a two-headed ogre
 11079 | D:11     | Noticed a two-headed ogre
 11084 | D:11     | Killed a two-headed ogre
 11766 | Orc:1    | Noticed a two-headed ogre
 11769 | Orc:1    | Killed an orc knight
 11770 | Orc:1    | Noticed an orc knight
 11773 | Orc:1    | Killed a two-headed ogre
 11789 | Orc:1    | Received a gift from Trog
 11791 | Orc:1    | Killed an orc knight
 11792 | Orc:1    | Reached XP level 12. HP: 72/112 MP: 11/11
 11887 | Orc:1    | Found Doah's Assorted Antiques.
 11905 | Orc:1    | You fall into a shaft and drop 1 floor!
 11905 | Orc:2    | Entered Level 2 of the Orcish Mines
 12148 | Orc:2    | Found Fishricu's General Store.
 12773 | Orc:1    | Noticed an orc warlord
 12781 | Orc:1    | Killed an orc warlord
 13327 | Orc:2    | Found a staircase to the Elven Halls.
 13329 | Orc:2    | Found Luihiaf's Antique Weapon Boutique.
 13448 | Orc:2    | Found Diwef's Antique Armour Shoppe.
 13466 | Orc:2    | Found Lawoec's Assorted Antiques.
 14360 | Orc:2    | Found Bimouf's General Store.
 14625 | Orc:2    | Noticed an orc high priest
 14636 | Orc:2    | Killed an orc high priest
 14637 | Orc:2    | Noticed a demonspawn
 14639 | Orc:2    | Reached XP level 13. HP: 119/119 MP: 12/12
 15052 | Orc:2    | Found Ypheyrra's Antique Weapon Shoppe.
 15052 | Orc:2    | Found Ashryll's Jewellery Emporium.
 15052 | Orc:2    | Found a one-way gate leading to the halls of Pandemonium.
 15159 | Orc:2    | Bought a scroll of enchant weapon for 112 gold pieces
 15381 | Lair:1   | Entered Level 1 of the Lair of Beasts
 15400 | Lair:1   | Received a gift from Trog
 15458 | Lair:1   | Noticed Erica
 15465 | Lair:1   | Killed Erica
 15736 | Lair:1   | Noticed Fannar
 15742 | Lair:1   | Killed Fannar
 15784 | Lair:1   | Reached ****** piety under Trog
 16149 | Lair:2   | Found a staircase to the Snake Pit.
 17565 | Lair:3   | Found a staircase to the Shoals.
 17675 | Lair:3   | Found a blossoming altar of Fedhas.
 18030 | Lair:4   | Reached XP level 14. HP: 130/130 MP: 13/13
 18660 | Lair:4   | Received a gift from Trog
 19350 | Lair:5   | Found a sparkling altar of Nemelex Xobeh.
 20174 | Lair:6   | Entered Level 6 of the Lair of Beasts
 20506 | Lair:6   | Reached skill level 15 in Fighting
 20572 | Lair:6   | Received a gift from Trog
 20755 | Lair:6   | Found a large runed translucent door.
 20756 | Lair:6   | Found a large runed translucent door.
 21002 | Lair:6   | Identified the ring "Vyek" {EV+4 Dex+2}
 21280 | Lair:6   | Found a staircase to the Slime Pits.
 21280 | Lair:6   | Found a viscous altar of Jiyva.
 21284 | Lair:6   | Reached XP level 15. HP: 143/143 MP: 14/14
 21807 | Snake:1  | Entered Level 1 of the Snake Pit
 22024 | D:4      | Bought a ring of poison resistance for 220 gold pieces
 22682 | Snake:1  | You fall into a shaft and drop 1 floor!
 22711 | Snake:2  | Received a gift from Trog
 23690 | Snake:2  | Reached skill level 15 in Armour
 23908 | Snake:3  | Noticed a nagaraja
 23914 | Snake:3  | Killed a nagaraja
 24092 | Snake:3  | Noticed a nagaraja
 24105 | Snake:3  | Killed a nagaraja
 24105 | Snake:3  | Received a gift from Trog
 24105 | Snake:3  | Noticed Aizul
 24110 | Snake:3  | Noticed Vashnia
 24552 | Snake:3  | Killed Aizul
 24596 | Snake:3  | Reached XP level 16. HP: 55/159 MP: 15/15
 24916 | Snake:3  | Identified the +4 war axe "Meloot" {freeze, *Slow rElec
                  | SInv}
 24937 | Snake:3  | Killed Vashnia
 26082 | Snake:4  | Entered Level 4 of the Snake Pit
 26227 | Snake:4  | Found Widuhun's Assorted Antiques.
 26285 | Snake:4  | Identified the +7 broad axe of Infection {antimagic, rF+
                  | rCorr Str-3 Dex+2} (Trog gifted it to you on level 4 of the
                  | Snake Pit)
 26285 | Snake:4  | Received a gift from Trog
 28961 | Snake:4  | Received a gift from Trog
 29178 | Snake:4  | Got a serpentine rune of Zot
 29563 | Elf:1    | Entered Level 1 of the Elven Halls
 29564 | Elf:1    | Paralysed by an air elemental for 1 turns
 29587 | Elf:1    | Reached XP level 17. HP: 164/173 MP: 16/16
 29728 | Elf:1    | Noticed Nikola
 29736 | Elf:1    | Killed Nikola
 29815 | Elf:1    | Noticed Kirke
 29818 | Elf:1    | Killed Kirke
 29872 | Elf:1    | Found Ugiel's Weapon Shop.
 30170 | Elf:1    | Paralysed by an air elemental for 1 turns
 30641 | Elf:1    | Found a runed translucent gate.
 30642 | Elf:1    | Found a runed translucent gate.
 30643 | Elf:1    | Found a runed translucent gate.
 30644 | Elf:1    | Noticed Stomo's ghost (adept DrFi)
 30645 | Elf:1    | Noticed Soldner's ghost (journeyman MiFi)
 30876 | Elf:2    | Found a shimmering blue altar of Sif Muna.
 30902 | Elf:1    | Killed Stomo's ghost
 30905 | Elf:1    | Killed Soldner's ghost
 30950 | Elf:2    | Received a gift from Trog
 30962 | Elf:2    | Noticed a Brimstone Fiend
 31235 | Elf:2    | Noticed Azrael
 31238 | Elf:2    | Killed Azrael
 31475 | Elf:3    | Entered Level 3 of the Elven Halls
 31684 | Elf:2    | Found a runed translucent gate.
 31684 | Elf:2    | Found a runed translucent gate.
 31701 | Elf:2    | Found a runed translucent gate.
 32569 | Elf:3    | Reached XP level 18. HP: 125/189 MP: 17/17
 33820 | Elf:3    | Received a gift from Trog
 35041 | Elf:3    | Identified the ring "Faebele" {*Slow Fly Dex+8}
 35081 | Elf:3    | Received a gift from Trog
 35169 | Elf:3    | Identified the +9 rapier "Jask" {freeze, rElec rF- Str+2
                  | Int+3}
 35318 | Elf:3    | Noticed a Hell Sentinel
 35480 | Elf:3    | Identified the ring of Biut {Ice Str+2}
 36083 | Shoals:1 | Entered Level 1 of the Shoals
 36292 | Shoals:2 | Noticed Polyphemus
 36300 | Shoals:2 | Killed Polyphemus
 36560 | Shoals:2 | Received a gift from Trog
 36783 | Shoals:2 | Identified the amulet of the Lizard {Faith Harm Str+2}
 37015 | Shoals:2 | Found Ylyev's Overcharged Wands.
 37425 | Shoals:4 | Entered Level 4 of the Shoals
 37511 | Shoals:4 | Reached XP level 19. HP: 202/202 MP: 18/18
 37523 | Shoals:4 | Got a barnacled rune of Zot
 38424 | Shoals:4 | Noticed Bai Suzhen
 38440 | Shoals:4 | Killed Bai Suzhen
 38440 | Shoals:4 | Received a gift from Trog
 39697 | D:12     | Noticed Josephine
 39700 | D:12     | Killed Josephine
 39937 | D:12     | Noticed Sonja
 39940 | D:12     | Killed Sonja
 40046 | D:12     | Found Rosobbea's Serpentskin Sales.
 40053 | D:12     | Received a gift from Trog
 40759 | D:13     | Reached skill level 27 in Axes
 40874 | D:13     | Found a shimmering altar of Xom.
 40876 | D:13     | Found a shimmering altar of Xom.
 40876 | D:13     | Found a glowing golden altar of the Shining One.
 40878 | D:13     | Found a glowing golden altar of the Shining One.
 40878 | D:13     | Found a radiant altar of Vehumet.
 40878 | D:13     | Found an opulent altar of Gozag.
 40948 | D:13     | Found a gate to the Vaults.
 41028 | Vaults:1 | Entered Level 1 of the Vaults
 41193 | Vaults:1 | Received a gift from Trog
 41390 | Vaults:1 | Reached skill level 27 in Fighting
 41637 | Vaults:1 | Reached XP level 20. HP: 149/216 MP: 19/19
 41991 | Vaults:1 | Received a gift from Trog
 43135 | Vaults:2 | Found a staircase to the Crypt.
 43138 | Vaults:2 | Received a gift from Trog
 43743 | Vaults:2 | Found Iqeysedi's Weapon Boutique.
 43902 | Vaults:2 | Found a portal to a secret trove of treasure.
 44444 | Vaults:2 | You paid a toll of 12 scrolls of teleportation to enter a
                  | treasure trove
 44445 | Trove    | Entered a treasure trove
 44450 | Trove    | Found the brooch of Shielding {Spirit SH+8}
 44466 | Trove    | Identified the +1 kite shield "Onas" {Rampage Regen+ Dex-2}
 44471 | Trove    | Identified the amulet "Xeuj" {Faith rCorr Int+3}
 44475 | Trove    | Identified the +0 hat "Pixol" {Rampage rElec rC++ Int-2}
 44574 | Vaults:3 | Noticed Xtahua
 44580 | Vaults:3 | Killed Xtahua
 44597 | Vaults:3 | Received a gift from Trog
 44684 | Vaults:3 | Noticed Saint Roka
 44694 | Vaults:3 | Killed Saint Roka
 45209 | Vaults:3 | Reached XP level 21. HP: 224/224 MP: 20/20
 45358 | Vaults:3 | Found Nulot's Book Emporium.
 45523 | Vaults:3 | Reached skill level 5 in Dodging
 45662 | Vaults:3 | Acquired a +2 executioner's axe of holy wrath
 45663 | Vaults:3 | Acquired 1385 gold pieces
 45664 | Vaults:3 | Acquired the +0 pair of boots of Fufosail {Drain rPois
                  | Dex+3}
 46148 | Vaults:4 | Found a flickering gateway to a bazaar.
 46154 | Vaults:4 | Received a gift from Trog
 46171 | Bazaar   | Entered a bazaar
 46175 | Bazaar   | Found Ilud's Antique Weapon Boutique.
 46183 | Bazaar   | Found Weuguzoireu's Antique Armour Boutique.
 46194 | Bazaar   | Found Sefocur's Book Emporium.
 46205 | Bazaar   | Found Goza's General Store.
 46213 | Bazaar   | Found Mausostri's Magic Scroll Shop.
 46221 | Bazaar   | Bought a scroll of teleportation for 27 gold pieces
 46221 | Bazaar   | Bought a scroll of silence for 67 gold pieces
 46587 | Vaults:4 | Found the +0 mask of the Dragon {Will+ Slay+3 SInv}
 47301 | Vaults:4 | Received a gift from Trog
 47759 | Vaults:5 | Entered Level 5 of the Vaults
 47761 | Vaults:5 | Noticed an ancient lich
 47770 | Vaults:5 | Killed an ancient lich
 47806 | Vaults:5 | Noticed a golden dragon
 47813 | Vaults:5 | Killed a golden dragon
 47987 | Vaults:5 | Reached XP level 22. HP: 230/233 MP: 21/21
 48087 | Vaults:5 | Got a silver rune of Zot
 48122 | Vaults:5 | Reached skill level 27 in Armour
 48128 | Vaults:5 | Noticed an ancient lich
 48139 | Vaults:5 | Killed an ancient lich
 48141 | Vaults:5 | HP: 2/223 [deep elf death mage/bolt of negative energy[a
                  | deep elf high priest] (26)]
 48202 | Vaults:5 | Identified the +10 falchion of Ascent {antimagic, +Blink
                  | Str+2 Dex+3} (Trog gifted it to you on level 5 of the
                  | Vaults)
 48202 | Vaults:5 | Received a gift from Trog
 48204 | Vaults:5 | Reached skill level 10 in Dodging
 48484 | Vaults:5 | Identified the +6 chain mail "Newungapha" {Int+5 Dex-2}
 48484 | Vaults:5 | Identified the +5 war axe of Xugetakh {pain, *Slow rPois
                  | rN+++ Dex-2}
 48834 | Vaults:5 | Paralysed by a floating eye for 3 turns
 49181 | Vaults:5 | Received a gift from Trog
 49187 | Vaults:5 | Noticed a golden dragon
 49200 | Vaults:5 | Killed a golden dragon
 49523 | Vaults:5 | Identified the +0 pair of gloves of Hedging {Fly rElec}
 49526 | Vaults:5 | Identified the +0 ring mail of Veamas {Int+4 Slay+2}
 49725 | Vaults:5 | Identified the +3 hand axe "Hegyh" {vamp, Dex+6}
 50551 | Shoals:3 | Received a gift from Trog
 50651 | Shoals:3 | Noticed Ilsuiw
 50669 | Shoals:3 | Reached skill level 15 in Dodging
 50674 | Shoals:3 | Killed Ilsuiw
 50944 | Shoals:3 | Found Kycwem's General Store.
 51377 | Slime:1  | Entered Level 1 of the Pits of Slime
 51396 | Slime:1  | Received a gift from Trog
 51909 | Slime:2  | Reached XP level 23. HP: 232/237 MP: 22/22
 52226 | Slime:3  | Gained mutation: You sometimes lose the ability to read
                  | scrolls when taking damage. [a shining eye]
 52234 | Slime:3  | Gained mutation: You are frail. (-10% HP) [a shining eye]
 52239 | Slime:3  | Gained mutation: Your body sometimes deteriorates upon
                  | taking damage. [a shining eye]
 52895 | Slime:5  | Entered Level 5 of the Pits of Slime
 52916 | Slime:5  | Received a gift from Trog
 52925 | Slime:5  | Gained mutation: You are very frail. (-20% HP) [a shining
                  | eye]
 52927 | Slime:5  | Gained mutation: You are occasionally teleported next to
                  | monsters. [a shining eye]
 53112 | Slime:4  | Gained mutation: You are weak. (Str -2) [a shining eye]
 54318 | Vaults:5 | Lost mutation: You are very frail. (-20% HP) [potion of
                  | mutation]
 54318 | Vaults:5 | Lost mutation: You are occasionally teleported next to
                  | monsters. [potion of mutation]
 54318 | Vaults:5 | Lost mutation: You are frail. (-10% HP) [potion of
                  | mutation]
 54318 | Vaults:5 | Gained mutation: You have hidden genetic defects. [potion
                  | of mutation]
 54319 | Vaults:5 | Lost mutation: You are weak. (Str -2) [potion of mutation]
 54319 | Vaults:5 | Lost mutation: You sometimes lose the ability to read
                  | scrolls when taking damage. [potion of mutation]
 54319 | Vaults:5 | Lost mutation: You have hidden genetic defects. [potion of
                  | mutation]
 54319 | Vaults:5 | Gained mutation: Your mind is acute. (Int +2) [potion of
                  | mutation]
 54319 | Vaults:5 | Gained mutation: Your system is resistant to poisons.
                  | (rPois) [potion of mutation]
 54319 | Vaults:5 | Gained mutation: You expend magic power (3 MP) to
                  | strengthen your wands. [potion of mutation]
 54320 | Vaults:5 | Lost mutation: Your mind is acute. (Int +2) [potion of
                  | mutation]
 54320 | Vaults:5 | Lost mutation: Your body sometimes deteriorates upon taking
                  | damage. [potion of mutation]
 54320 | Vaults:5 | Gained mutation: You have hidden genetic defects. [potion
                  | of mutation]
 54559 | D:9      | Bought 2 potions of mutation for 224 gold pieces
 54559 | D:9      | Lost mutation: You have hidden genetic defects. [potion of
                  | mutation]
 54559 | D:9      | Lost mutation: Your system is resistant to poisons. (rPois)
                  | [potion of mutation]
 54559 | D:9      | Lost mutation: You expend magic power (3 MP) to strengthen
                  | your wands. [potion of mutation]
 54559 | D:9      | Gained mutation: You are weak. (Str -2) [potion of
                  | mutation]
 54559 | D:9      | Gained mutation: You do not regenerate when monsters are
                  | visible. [potion of mutation]
 54560 | D:9      | Lost mutation: You do not regenerate when monsters are
                  | visible. [potion of mutation]
 54560 | D:9      | Lost mutation: You are weak. (Str -2) [potion of mutation]
 54560 | D:9      | Gained mutation: You are dopey. (Int -2) [potion of
                  | mutation]
 54560 | D:9      | Gained mutation: You tend to lose your temper in combat.
                  | [potion of mutation]
 54787 | Snake:4  | Bought a scroll of teleportation for 120 gold pieces
 54787 | Snake:4  | Bought a potion of mutation for 320 gold pieces
 54787 | Snake:4  | Lost mutation: You tend to lose your temper in combat.
                  | [potion of mutation]
 54787 | Snake:4  | Lost mutation: You are dopey. (Int -2) [potion of mutation]
 54787 | Snake:4  | Gained mutation: Your body sometimes deteriorates upon
                  | taking damage. [potion of mutation]
 54787 | Snake:4  | Gained mutation: A frigid envelope surrounds you and
                  | freezes all who hurt you. [potion of mutation]
 55107 | Slime:5  | Found a viscous altar of Jiyva.
 55107 | Slime:5  | Noticed the Royal Jelly
 55130 | Slime:5  | Killed the Royal Jelly
 55168 | Slime:5  | Identified the +1 glaive of the New World {protect, rF+++
                  | rC++ Dex-5 Stlth+}
 55291 | Slime:5  | Identified the +11 glaive of Fragile Peace {speed, MP+9
                  | Dex+3}
 55320 | Slime:5  | Identified the amulet of Pyufotom {Regen+ Int+4}
 55347 | Slime:5  | Got a slimy rune of Zot
 55606 | Slime:5  | Identified the +9 flail of Uncomfortable Rashes {elec,
                  | *Slow rPois Int+3 Dex+6}
 55630 | Slime:5  | Identified the +12 long sword of Turmoil {vorpal, Contam
                  | rF+ rN+}
 55999 | D:4      | Bought the ring of Contentment {Dex+6 Slay+4} for 1073 gold
                  | pieces
 56130 | Temple   | Fell from the grace of Trog
 56130 | Temple   | Became a worshipper of the Shining One
 56418 | Crypt:1  | Entered Level 1 of the Crypt
 56446 | Crypt:1  | Reached * piety under the Shining One
 56644 | Crypt:1  | Reached ** piety under the Shining One
 56751 | Crypt:1  | Reached *** piety under the Shining One
 56891 | Crypt:1  | Noticed Mennas
 56900 | Crypt:1  | Killed Mennas
 56935 | Crypt:1  | Reached **** piety under the Shining One
 57642 | Crypt:1  | Reached ***** piety under the Shining One
 57721 | Crypt:2  | Reached ****** piety under the Shining One
 57722 | Crypt:2  | Reached skill level 1 in Invocations
 57724 | Crypt:2  | Noticed Sojobo
 58178 | Crypt:2  | Killed Sojobo
 58500 | Crypt:2  | Reached skill level 1 in Evocations
 59191 | Crypt:3  | Entered Level 3 of the Crypt
 59202 | Crypt:3  | Noticed Boris
 59213 | Crypt:3  | Reached XP level 24. HP: 249/249 MP: 25/25
 59216 | Crypt:3  | Killed Boris
 59217 | Crypt:3  | Reached skill level 5 in Invocations
 59439 | Crypt:3  | Identified a +7 executioner's axe of holy wrath (a +5
                  | executioner's axe of holy wrath blessed by the Shining One)
 59439 | Crypt:3  | Received a gift from the Shining One
 59485 | Crypt:3  | Found an ancient bone altar of Kikubaaqudgha.
 59580 | Crypt:3  | Reached skill level 10 in Invocations
 59683 | Crypt:3  | Identified the +4 great sword "Dragonbane" {vorpal, Fly
                  | rElec Will- Int+6}
 59705 | Crypt:3  | Paralysed by Trog for 6 turns
 60394 | Crypt:3  | Found a staircase to the Tomb.
 60676 | Tomb:1   | Entered Level 1 of the Tomb of the Ancients
 61068 | Tomb:1   | Noticed a royal mummy
 61081 | Tomb:1   | Killed a royal mummy
 61088 | Tomb:1   | Noticed a royal mummy
 61116 | Tomb:1   | Killed a royal mummy
 61788 | Tomb:1   | Noticed a royal mummy
 61790 | Tomb:1   | Gained mutation: You are weak. (Str -2) [mutagenic glow]
 61802 | Tomb:1   | Killed a royal mummy
 61807 | Tomb:1   | Gained mutation: You sometimes lose the ability to read
                  | scrolls when taking damage. [mutagenic glow]
 61819 | Tomb:1   | Gained mutation: Your magical capacity is low. (-10% MP)
                  | [mutagenic glow]
 62162 | Tomb:1   | Reached skill level 15 in Invocations
 62223 | Tomb:2   | Noticed a royal mummy
 62223 | Tomb:2   | Noticed a royal mummy
 62223 | Tomb:2   | Noticed a royal mummy
 62227 | Tomb:2   | Reached XP level 25. HP: 256/257 MP: 29/29
 62231 | Tomb:2   | Killed a royal mummy
 62236 | Tomb:2   | Lost intelligence.
 62236 | Tomb:2   | Noticed a royal mummy
 62242 | Tomb:2   | Killed a royal mummy
 62247 | Tomb:2   | Killed a royal mummy
 62251 | Tomb:2   | Killed a royal mummy
 62740 | Tomb:2   | Acquired a manual of Throwing
 62829 | Tomb:1   | Noticed a royal mummy
 62829 | Tomb:1   | Noticed a royal mummy
 62829 | Tomb:1   | Noticed a royal mummy
 62829 | Tomb:1   | Noticed a royal mummy
 62833 | Tomb:1   | Killed a royal mummy
 62837 | Tomb:1   | Killed a royal mummy
 62845 | Tomb:1   | Noticed a royal mummy
 62845 | Tomb:1   | Killed a royal mummy
 62849 | Tomb:1   | Killed a royal mummy
 62850 | Tomb:1   | Noticed a royal mummy
 62857 | Tomb:1   | Killed a royal mummy
 62861 | Tomb:1   | Killed a royal mummy
 63366 | Tomb:1   | Noticed a royal mummy
 63372 | Tomb:1   | Killed a royal mummy
 63373 | Tomb:1   | Reached skill level 1 in Throwing
 63378 | Tomb:1   | Noticed a royal mummy
 63386 | Tomb:1   | Gained mutation: Armour fits poorly on your strangely
                  | shaped body. [mutagenic glow]
 63387 | Tomb:1   | Killed a royal mummy
 63601 | Tomb:1   | Lost mutation: Your magical capacity is low. (-10% MP)
                  | [potion of mutation]
 63601 | Tomb:1   | Lost mutation: Armour fits poorly on your strangely shaped
                  | body. [potion of mutation]
 63601 | Tomb:1   | Gained mutation: You have large cloven feet. [potion of
                  | mutation]
 63704 | Tomb:1   | Noticed a royal mummy
 63713 | Tomb:1   | Killed a royal mummy
 63745 | Tomb:1   | Noticed a royal mummy
 63755 | Tomb:1   | Killed a royal mummy
 63768 | Tomb:1   | Was forgiven by Trog
 63872 | Tomb:1   | Noticed a royal mummy
 63879 | Tomb:1   | Killed a royal mummy
 63888 | Tomb:1   | Noticed a royal mummy
 63892 | Tomb:1   | Noticed a royal mummy
 63893 | Tomb:1   | Killed a royal mummy
 63898 | Tomb:1   | Killed a royal mummy
 64076 | Tomb:1   | Noticed a royal mummy
 64084 | Tomb:1   | Killed a royal mummy
 64117 | Tomb:1   | Noticed a royal mummy
 64121 | Tomb:1   | Killed a royal mummy
 64127 | Tomb:1   | Noticed a royal mummy
 64128 | Tomb:1   | Noticed a royal mummy
 64140 | Tomb:1   | Noticed a royal mummy
 64145 | Tomb:1   | Killed a royal mummy
 64147 | Tomb:1   | Killed a royal mummy
 64147 | Tomb:1   | Killed a royal mummy
 64593 | Tomb:2   | Gained mutation: You occasionally shout uncontrollably at
                  | your foes. [mutagenic glow]
 64620 | Tomb:2   | Lost mutation: A frigid envelope surrounds you and freezes
                  | all who hurt you. [mutagenic glow]
 65079 | Tomb:3   | Entered Level 3 of the Tomb of the Ancients
 65160 | Tomb:3   | Noticed a royal mummy
 65161 | Tomb:3   | Noticed Khufu
 65171 | Tomb:3   | Killed a royal mummy
 65171 | Tomb:3   | Lost intelligence.
 65178 | Tomb:3   | HP: 12/385 [emperor scorpion[Khufu] (14)]
 65178 | Tomb:3   | Slain by an ushabti

Illustrated notes

Levels and vault maps discovered:
D:1:      minmay_arrival_doors, layout_loops_cross,
          shapermc_ecumenical_altar_pompeii
D:2:      wander_river, layout_rooms, uniq_sigmund
D:3:      layout_loops_corners
D:4:      layout_rooms, gup_sewer_entry_pipe, serial_shops, nicolae_shop_trees,
          chequers_decorated_corner, dk_noncrumbling_3, serial_park_tiny_1
D:5:      layout_basic, lemuel_tele_altar
D:6:      hellmonk_destroyed_diamonds, layout_loops_ring, serial_shops, shop
D:7:      layout_loops_corners, minmay_temple_entry_glassed_door, uniq_joseph
D:8:      layout_basic
D:9:      layout_gridville, minmay_orc_entry_temple_small, serial_shops,
          nicolae_shop_statue_plus, nicolae_inconvenience_store, minivault_1,
          hangedman_fish_farm, uniq_maggie
D:10:     layout_irregular_city
D:11:     wad_crossroads, layout_layer_cave, grunt_lair_entry_orc_guard_hut
D:12:     layout_cave_pools, guppyfry_shop_venom, uniq_sonja, uniq_josephine
D:13:     minmay_the_grid_square_5x5_3x3 [minmay_the_grid_square_5x5_six_small,
          minmay_the_grid_square_5x5_checkered_statues,
          minmay_the_grid_square_5x5_bracketed, minmay_the_grid_square_5x5_meh,
          minmay_the_grid_square_5x5_megaprize_hollow,
          minmay_the_grid_square_5x5_shrine1,
          minmay_the_grid_square_5x5_detours, minmay_the_grid_square_5x5_corner,
          minmay_the_grid_square_5x5_c], layout_cave_pools, david_vaults_4,
          doesnt_xom_only_xom
Temple:   nicolae_temple_the_god_donut
Lair:1:   layout_hall_layers, uniq_erica, uniq_fannar
Lair:2:   cheibrodos_lair_overgrown_chateau, layout_loops_ring,
          minmay_snake_entry_guardpost_small
Lair:3:   layout_roguey, minmay_shoals_entry_lonely_mermaid, tgw_fedhas,
          infiniplex_staircase_pool
Lair:4:   layout_cave_shapes, eino_house_with_fridge, grunt_megastairs_5
Lair:5:   layout_cave_pods, basic_altar, beast_lair_carwin_6
Lair:6:   cheibrodos_lair_end_hotspot, layout_regular_city, slime_altar_1
Shoals:1: layout_shoals, hellmonk_ghost_happy_afterlife, lemuel_oklob_altar
Shoals:2: layout_shoals, nicolae_shop_overcharged_wands, uniq_polyphemus
Shoals:3: layout_shoals, serial_shops, shop, portal_ice_cave_entry_pillars_1,
          uniq_ilsuiw
Shoals:4: shoals_end_grunt_ice, layout_shoals, nicolae_shoals_dead_sea_scrolls,
          uniq_bai_suzhen
Snake:1:  layout_layer_cave, grunt_megastairs_4, lemuel_fruit_tree
Snake:2:  layout_rooms
Snake:3:  layout_chambers, uniq_vashnia, uniq_aizul
Snake:4:  grunt_snake_rune_spirals, layout_onion, serial_shops,
          nicolae_shop_advertising_works [nicolae_subvault_shop_adworks],
          grunt_ministairs_12, hangedman_snake_pattern
Slime:1:  layout_caves
Slime:2:  layout_caves, nicolae_slime_phagocytosis
Slime:3:  layout_caves, basic_altar
Slime:4:  layout_caves
Slime:5
Orc:1:    layout_diamond_mine, serial_shops, nicolae_diamond_shop
Orc:2:    pf_orc_diabolical, layout_caves, serial_shops, bzr_entry_road, shop,
          shop, nicolae_shop_crystal
Elf:1:    layout_gridlike, serial_shops, shop, gammafunk_ghost_cemetery,
          minivault_28, hex_intersection, uniq_nikola, uniq_kirke
Elf:2:    elven_hall_of_blades_hangedman_original [nicolae_blade_lattice],
          layout_geoelf_diagonals, basic_altar, nicolae_elevator_lobby_plus,
          uniq_azrael
Elf:3:    elf_hall, layout_rooms, serial_sigils_hangedman_leer,
          kennysheep_underground_church
Vaults:1: ontoclasm_vaults_shout, ontoclasm_vaults_chip, vaults_room_hallway,
          nicolae_vaults_what_the_h, vaults_room_door_ring, v_alt_pattern_5,
          hangedman_vaults_stream, hangedman_vaults_corner_blocks,
          vaults_mumra_hexcomb, vaults_room_pools,
          nicolae_vaults_yaktaur_gun_rack, nicolae_vaults_little_squares_2,
          layout_vaults_big_room
Vaults:2: minmay_crypt_entry_vampire_xt, grunt_vaults_trifunnel,
          hangedman_vaults_corner_blocks, vaults_mumra_chevron, v_misc_1,
          nicolae_vaults_little_ls, nicolae_vaults_mini_display_case,
          vaults_room_guarded_vault, layout_vaults_omnigrid, serial_shops,
          shop_statue, enter_trove_6
Vaults:3: v_misc_12, st_diamondy, v_pattern_1,
          vaults_standard_mumra_enter_the_diamond, v_misc_24,
          hangedman_vaults_stretched_pinwheel, v_misc_9, v_misc_1, v_misc_14,
          vaults_dpeg_cross, ontoclasm_vaults_tryst, vaults_standard_mumra_x,
          vaults_room_hallway, layout_vaults_omnicross, serial_shops,
          nicolae_shop_temple_entry_statues_fountains, uniq_saint_roka,
          uniq_xtahua
Vaults:4: v_misc_9, ontoclasm_vaults_hangar, v_misc_4, vaults_dpeg_doors,
          v_misc_3, serial_ice_g, ontoclasm_vaults_chip, vaults_dpeg_ring,
          ontoclasm_vaults_pinch, v_misc_27, nicolae_vaults_sealed_display,
          vaults_room_pools, ontoclasm_vaults_twist,
          nicolae_vaults_little_squares_2, layout_vaults_ring, serial_shops,
          bzr_entry_gold
Vaults:5: serial_shops
Crypt:1:  layout_misc_corridors, grunt_ministairs_7,
          grunt_crypt_arrival_guarded_gate, grunt_megastairs_2, uniq_mennas
Crypt:2:  layout_catacombs, uniq_sojobo
Crypt:3:  church_of_pain_bobbens, layout_chaotic_city, minivault_11,
          grunt_ministairs_6, st_chilly_death, uniq_boris
Tomb:1
Tomb:2
Tomb:3

Skill      XL: |  1  2  3  4  5  6  7  8  9 10 11 12 13 14 15 16 17 18 19 20 21 22 23 24 25 |
---------------+----------------------------------------------------------------------------+-----
Axes           | 4 7 8 9 11 14 17 20 22 24 25 26 27 | 27.0
Fighting       | 4 8 11 12 13 15 18 21 23 25 27 | 27.0
Armour         | 3 7 10 11 12 13 15 16 17 18 20 24 26 27 | 27.0
Dodging        | 3 8 16 21 | 21.0
Invocations    | 4 15 20 | 20.4
Evocations     | 1 |  1.0
Throwing       | 1 |  1.0
Stealth        | |  0.6

Action                   |  1- 3 |  4- 6 |  7- 9 | 10-12 | 13-15 | 16-18 | 19-21 | 22-24 | 25-27 || total
-------------------------+-------+-------+-------+-------+-------+-------+-------+-------+-------++-------
Melee: Hand axe          |    49 |   139 |   290 |   130 |       |       |       |       |       ||   608
       Headbutt          |     4 |    14 |    57 |    85 |   125 |   153 |   226 |   281 |    86 ||  1031
       Punch             |       |     3 |     5 |       |       |       |       |       |       ||     8
       War axe           |       |       |       |    21 |       |       |       |       |       ||    21
       Executioner's axe |       |       |       |   314 |   651 |   814 |   968 |  1120 |   289 ||  4156
Throw: Throwing net      |       |       |       |       |     1 |       |       |       |       ||     1
Invok: Berserk           |     1 |     1 |     5 |    10 |     3 |    13 |     7 |     3 |       ||    43
       Trog's Hand       |       |       |       |       |     2 |     2 |     4 |     2 |       ||    10
       Brothers in Arms  |       |       |       |       |       |       |       |     1 |       ||     1
       Brand Weapon With |       |       |       |       |       |       |       |     1 |       ||     1
       Divine Shield     |       |       |       |       |       |       |       |       |     2 ||     2
       Summon Divine War |       |       |       |       |       |       |       |       |     2 ||     2
Evoke: Wand              |       |       |       |       |     1 |     4 |       |       |       ||     5
  Use: Potion            |     2 |       |       |       |     2 |     1 |       |    15 |    10 ||    30
       Scroll            |       |       |    15 |    10 |     9 |    12 |     7 |    14 |     5 ||    72
 Stab: Sleeping          |       |     1 |       |       |       |       |       |       |       ||     1
       Held in net/web   |       |       |       |       |     1 |       |       |       |       ||     1
       Petrified         |       |       |       |       |       |     2 |       |       |       ||     2
       Distracted        |       |       |       |       |       |       |     1 |       |       ||     1
       Petrifying        |       |       |       |       |       |       |     1 |       |       ||     1
Armor: Animal skin       |     7 |     9 |       |       |       |       |       |       |       ||    16
       Ring mail         |       |    14 |    31 |       |       |       |       |       |       ||    45
       Chain mail        |       |       |    26 |       |       |       |       |       |       ||    26
       Crystal plate arm |       |       |    83 |   299 |   390 |   473 |   667 |   634 |   246 ||  2792
       Skin              |       |       |       |       |       |       |       |       |    44 ||    44
Dodge: Dodged            |    35 |    75 |    80 |   101 |   227 |   277 |   405 |   680 |   267 ||  2147
Block: Other             |       |       |       |    48 |   125 |   110 |   148 |   192 |   103 ||   726
       Reflection        |       |       |       |     3 |    12 |    22 |    17 |     5 |     2 ||    61
